PCL
OKLAHOMA CITY DODGERS @ ALBUQUERQUE ISOTOPES
05/21/2098
 
TOP OF THE 1ST
Oklahoma City Dodgers batting - Pitching for Albuquerque Isotopes : RHP Chris Kemerer
Pitching: RHP Chris Kemerer
Batting: SHB Raul Gonzalez 0-0: Ball
1-0: Foul Ball, location: 2F
1-1: Ball
2-1: Foul Ball, location: 7LMF
2-2: Foul Ball, location: 2F
2-2: Ball
3-2: SINGLE (Line Drive, 5D, EV 96.9 MPH)
Batting: RHB Chris Rodriguez 0-0: Ball
1-0: Called Strike
1-1: Bunted foul
1-2: Fielders Choice at 2nd, 3-6 (Groundball, 3, EV 97.5 MPH)
Batting: LHB Rob Gutierrez 0-0: Ball
1-0: Ball
2-0: SINGLE (Line Drive, 56, EV 98.1 MPH)
Chris Rodriguez to second
Runner from 2nd tries for 3rd, SAFE, no throw by LF
Batting: LHB Marvin Silva 0-0: Foul Ball, location: 2F
0-1: DOUBLE (Flyball, 89D, EV 107.5 MPH)
Chris Rodriguez scores
Rob Gutierrez to third
Batting: RHB Noah Sanders 0-0: Ball
1-0: Ball
2-0: Ball
3-0: Called Strike
3-1: DOUBLE (Flyball, 78D, EV 108.1 MPH)
Rob Gutierrez scores
Marvin Silva scores
Batting: SHB Montel Ruspoli 0-0: Called Strike
0-1: DOUBLE (Flyball, 8RXD, EV 98.1 MPH)
Noah Sanders scores
Batting: RHB Matt Rudd 0-0: Swinging Strike
0-1: Ball
1-1: Swinging Strike
1-2: Strikes out swinging wild pitch, reaches first!
Montel Ruspoli to third
Batting: RHB Joe Boyer 0-0: Called Strike
0-1: Foul Ball, location: 2F
0-2: Strikes out swinging
Batting: RHB Pete Chivers 0-0: Ball
1-0: Ball
2-0: DOUBLE (Line Drive, 78D, EV 106.9 MPH)
Montel Ruspoli scores
Matt Rudd to third
Batting: SHB Raul Gonzalez 0-0: Foul Ball, location: 5SF
0-1: Foul Ball, location: 3F
0-2: Ball
1-2: Ball
2-2: Ball
3-2: Strikes out swinging
Top of the 1st over - 5 runs, 6 hits, 0 errors, 2 left on base; Oklahoma City 5 - Albuquerque 0
BOTTOM OF THE 1ST
Albuquerque Isotopes batting - Pitching for Oklahoma City Dodgers : LHP Mike Kosloski
Pitching: LHP Mike Kosloski
Batting: RHB Chris Church 0-0: Ball
1-0: Ground out 6-3 (Groundball, 6, EV 109.4 MPH)
Batting: RHB Benny Scanlon 0-0: Called Strike
0-1: Swinging Strike
0-2: Ball
1-2: Foul Ball, location: 2F
1-2: Ball
2-2: Strikes out swinging
Batting: RHB Francisco Salto 0-0: Foul Ball, location: 5FF
0-1: Foul Ball, location: 2F
0-2: SINGLE (Line Drive, 78S, EV 89.4 MPH)
Batting: RHB Tony Breitling 0-0: Ball
1-0: Ball
2-0: Ball
3-0: Base on Balls
Francisco Salto to second
Batting: RHB Hugo Sanchez 0-0: Called Strike
0-1: Ball
1-1: Ball
2-1: Ball
3-1: SINGLE (Groundball, 6D, EV 110.0 MPH)
Francisco Salto to third
Tony Breitling to second
Runner from 3rd tries for Home, SAFE, throw by CF to home
Batting: RHB John Stevens 0-0: Foul Ball, location: 3F
0-1: Ball
1-1: Fielders Choice at 2nd, U4 (Groundball, 4M, EV 102.5 MPH)
Bottom of the 1st over - 1 run, 2 hits, 0 errors, 2 left on base; Oklahoma City 5 - Albuquerque 1
TOP OF THE 2ND
Oklahoma City Dodgers batting - Pitching for Albuquerque Isotopes : RHP Chris Kemerer
Batting: RHB Chris Rodriguez 0-0: Foul Ball, location: 2F
0-1: Ball
1-1: Swinging Strike
1-2: Ball
2-2: Strikes out swinging
Batting: LHB Rob Gutierrez 0-0: Ground out 4-3 (Groundball, 4, EV 100.6 MPH)
Batting: LHB Marvin Silva 0-0: Ball
1-0: Ball
2-0: SINGLE (Groundball, 4M, EV 101.3 MPH) (infield hit)
Batting: RHB Noah Sanders 0-0: Ball
1-0: Swinging Strike
1-1: Ground out 4-3 (Groundball, 34, EV 105.6 MPH)
Top of the 2nd over - 0 runs, 1 hit, 0 errors, 1 left on base; Oklahoma City 5 - Albuquerque 1
BOTTOM OF THE 2ND
Albuquerque Isotopes batting - Pitching for Oklahoma City Dodgers : LHP Mike Kosloski
Batting: RHB Johnny Holton 0-0: SINGLE (Groundball, 34D, EV 101.9 MPH)
Batting: LHB Roberto Velasco 0-0: Ball
1-0: Ball
2-0: Called Strike
2-1: Swinging Strike
2-2: Foul Ball, location: 25F
2-2: Foul Ball, location: 25F
2-2: Ball
3-2: Foul Ball, location: 9LMF
3-2: Strikes out swinging
Pitching: RHP Alfredo Laboy
Batting: SHB Mike Schirmer 0-0: Called Strike
0-1: Ball
Johnny Holton steals 2nd base
1-1: Ball
2-1: Ball
3-1: Base on Balls
Batting: RHB Chris Church 0-0: Ball
1-0: Called Strike
1-1: Foul Ball, location: 2F
1-2: Ball
2-2: Strikes out swinging
Batting: RHB Benny Scanlon 0-0: Ball
1-0: Fly out, F4 (Popup, 4, EV 72.5 MPH)
Bottom of the 2nd over - 0 runs, 1 hit, 0 errors, 2 left on base; Oklahoma City 5 - Albuquerque 1
TOP OF THE 3RD
Oklahoma City Dodgers batting - Pitching for Albuquerque Isotopes : RHP Chris Kemerer
Batting: SHB Montel Ruspoli 0-0: Called Strike
0-1: Called Strike
0-2: Fly out, F4 (Popup, 4, EV 71.3 MPH)
Batting: RHB Matt Rudd 0-0: Ground out 5-3 (Groundball, 56S, EV 68.8 MPH)
Batting: RHB Joe Boyer 0-0: Foul Ball, location: 9LDF
0-1: Called Strike
0-2: Ball
1-2: Ball
2-2: Foul Ball, location: 2F
2-2: Ball
3-2: Foul Ball, location: 5FF
3-2: Base on Balls
Pitching: RHP Danny Hoekman
Batting: RHB Pete Chivers 0-0: Foul Ball, location: 2F
0-1: Ball
1-1: DOUBLE (Line Drive, 89D, EV 110.6 MPH)
Joe Boyer to third
Batting: SHB Raul Gonzalez 0-0: Swinging Strike
0-1: Ball
1-1: Called Strike
1-2: Strikes out swinging
Top of the 3rd over - 0 runs, 1 hit, 0 errors, 2 left on base; Oklahoma City 5 - Albuquerque 1
BOTTOM OF THE 3RD
Albuquerque Isotopes batting - Pitching for Oklahoma City Dodgers : RHP Alfredo Laboy
Batting: RHB Francisco Salto 0-0: Foul Ball, location: 5F
0-1: Called Strike
0-2: Foul Ball, location: 3F
0-2: Strikes out swinging
Batting: RHB Tony Breitling 0-0: Ball
1-0: Ball
2-0: Ball
3-0: Called Strike
3-1: Foul Ball, location: 2F
3-2: Foul Ball, location: 3FF
3-2: Base on Balls
Batting: RHB Hugo Sanchez 0-0: Ball
1-0: Foul Ball, location: 3F
1-1: Ball
2-1: 2-RUN HOME RUN (Flyball, 8RXD, EV 110.6 MPH), Distance : 442 ft
Batting: RHB John Stevens 0-0: Fly out, F4 (Popup, 34D, EV 51.9 MPH)
Batting: RHB Johnny Holton 0-0: Called Strike
0-1: Ball
1-1: SINGLE (Groundball, 34D, EV 105.6 MPH)
Batting: LHB Roberto Velasco 0-0: Ball
1-0: Ball
2-0: Fielders Choice at 2nd, 5-4 (Groundball, 56, EV 82.5 MPH)
Bottom of the 3rd over - 2 runs, 2 hits, 0 errors, 1 left on base; Oklahoma City 5 - Albuquerque 3
TOP OF THE 4TH
Oklahoma City Dodgers batting - Pitching for Albuquerque Isotopes : RHP Danny Hoekman
Batting: RHB Chris Rodriguez 0-0: Ground out 4-3 (Groundball, 4, EV 101.3 MPH)
Batting: LHB Rob Gutierrez 0-0: Called Strike
0-1: Ball
1-1: Called Strike
1-2: Strikes out swinging
Batting: LHB Marvin Silva 0-0: Ball
1-0: Foul Ball, location: 2F
1-1: Hit by Pitch
Batting: RHB Noah Sanders 0-0: Called Strike
0-1: Ball
1-1: Ball
2-1: Ball
3-1: Called Strike
3-2: Foul Ball, location: 9LDF
3-2: Strikes out looking
Top of the 4th over - 0 runs, 0 hits, 0 errors, 1 left on base; Oklahoma City 5 - Albuquerque 3
BOTTOM OF THE 4TH
Albuquerque Isotopes batting - Pitching for Oklahoma City Dodgers : RHP Alfredo Laboy
Batting: SHB Mike Schirmer 0-0: Ball
1-0: Swinging Strike
1-1: Ball
2-1: Ground out 4-3 (Groundball, 4M, EV 86.9 MPH)
Batting: RHB Chris Church 0-0: Called Strike
0-1: Ground out 3-1 (Groundball, 34, EV 80.0 MPH)
Batting: RHB Benny Scanlon 0-0: SOLO HOME RUN (Flyball, 7D, EV 105.0 MPH), Distance : 409 ft
Pitching: RHP Kareem Newport
Batting: RHB Francisco Salto 0-0: Called Strike
0-1: Swinging Strike
0-2: Ball
1-2: TRIPLE (Flyball, 78XD, EV 107.5 MPH)
Batting: RHB Tony Breitling 0-0: Foul Ball, location: 7LSF
0-1: Ball
1-1: Ball
2-1: Ball
3-1: Swinging Strike
3-2: Foul Ball, location: 2LF
3-2: SINGLE (Line Drive, 89M, EV 88.8 MPH)
Francisco Salto scores
Batting: RHB Hugo Sanchez 0-0: Ball
1-0: Ground out U3 (Groundball, 23, EV 93.1 MPH)
Bottom of the 4th over - 2 runs, 3 hits, 0 errors, 1 left on base; Oklahoma City 5 - Albuquerque 5
TOP OF THE 5TH
Oklahoma City Dodgers batting - Pitching for Albuquerque Isotopes : RHP Danny Hoekman
Batting: SHB Montel Ruspoli 0-0: Ball
1-0: Fly out, F7 (Flyball, 7LM, EV 95.6 MPH)
Batting: RHB Matt Rudd 0-0: Called Strike
0-1: Swinging Strike
0-2: Foul Ball, location: 5FF
0-2: Strikes out swinging
Batting: RHB Joe Boyer 0-0: Ball
1-0: Called Strike
1-1: Foul Ball, location: 25FF
1-2: Strikes out swinging
Top of the 5th over - 0 runs, 0 hits, 0 errors, 0 left on base; Oklahoma City 5 - Albuquerque 5
BOTTOM OF THE 5TH
Albuquerque Isotopes batting - Pitching for Oklahoma City Dodgers : RHP Kareem Newport
Batting: RHB John Stevens 0-0: Ball
1-0: Called Strike
1-1: Called Strike
1-2: SOLO HOME RUN (Flyball, 89XD, EV 105.6 MPH), Distance : 425 ft
Batting: RHB Johnny Holton 0-0: Ball
1-0: Ball
2-0: Ball
3-0: Called Strike
3-1: Ground out 4-3 (Groundball, 34D, EV 94.4 MPH)
Batting: LHB Roberto Velasco 0-0: Fly out, F8 (Flyball, 78M, EV 88.1 MPH)
Batting: SHB Mike Schirmer 0-0: Ball
1-0: Ball
2-0: Foul Ball, location: 25F
2-1: Ball
3-1: Foul Ball, location: 2F
3-2: Base on Balls
Batting: RHB Chris Church 0-0: Called Strike
0-1: Ball
1-1: Ball
2-1: Foul Ball, location: 2F
2-2: Strikes out swinging
Bottom of the 5th over - 1 run, 1 hit, 0 errors, 1 left on base; Oklahoma City 5 - Albuquerque 6
TOP OF THE 6TH
Oklahoma City Dodgers batting - Pitching for Albuquerque Isotopes : RHP Danny Hoekman
Batting: RHB Pete Chivers 0-0: Ball
1-0: Ball
2-0: Foul Ball, location: 2F
2-1: Fly out, F2 (Popup, 23F, EV 83.8 MPH)
Batting: SHB Raul Gonzalez 0-0: Foul Ball, location: 2F
0-1: Ball
1-1: Ball
2-1: Swinging Strike
2-2: Ball
3-2: Base on Balls
Pinch Hitting: SHB Shawn Trapp 0-0: Swinging Strike
Raul Gonzalez is caught stealing 2nd base 2-6
0-1: Ball
1-1: Called Strike
1-2: Ball
2-2: Single, Error in OF, E8, batter to second base (Line Drive, 4MD, EV 70.6 MPH)
Pitching: LHP Chris Alexander
Pinch Hitting: RHB Tyler Rivas 0-0: Fly out, F9 (Flyball, 9S, EV 96.3 MPH)
Top of the 6th over - 0 runs, 1 hit, 1 error, 1 left on base; Oklahoma City 5 - Albuquerque 6
BOTTOM OF THE 6TH
Albuquerque Isotopes batting - Pitching for Oklahoma City Dodgers : RHP Kareem Newport
Now in LF: Alex Heaberlin
Now in CF: Raul Gonzalez
Now in RF: Keith Tingley
Batting: RHB Benny Scanlon 0-0: Called Strike
0-1: Swinging Strike
0-2: Foul Ball, location: 9LDF
0-2: Ball
1-2: Foul Ball, location: 9LSF
1-2: Strikes out swinging
Batting: RHB Francisco Salto 0-0: Called Strike
0-1: Foul Ball, location: 9LDF
0-2: Strikes out looking
Batting: RHB Tony Breitling 0-0: Ground out U3 (Groundball, 34, EV 91.3 MPH)
Bottom of the 6th over - 0 runs, 0 hits, 0 errors, 0 left on base; Oklahoma City 5 - Albuquerque 6
TOP OF THE 7TH
Oklahoma City Dodgers batting - Pitching for Albuquerque Isotopes : LHP Chris Alexander
Pinch Hitting: RHB Alex Cabrera 0-0: Called Strike
0-1: Ball
1-1: Foul Ball, location: 2F
1-2: Foul Ball, location: 2RF
1-2: DOUBLE (Flyball, 9LD, EV 95.6 MPH)
Batting: RHB Noah Sanders 0-0: Foul Ball, location: 2F
0-1: 2-RUN HOME RUN (Line Drive, 7D, EV 104.4 MPH), Distance : 391 ft
Batting: SHB Montel Ruspoli 0-0: Fly out, F9 (Line Drive, 89M, EV 95.0 MPH)
Batting: RHB Matt Rudd 0-0: Ball
1-0: Called Strike
1-1: Ball
2-1: Ball
3-1: Called Strike
3-2: Base on Balls
Batting: RHB Joe Boyer 0-0: Called Strike
0-1: Ball
1-1: Foul Ball, location: 5FF
1-2: Foul Ball, location: 3FF
1-2: Strikes out swinging
Batting: RHB Pete Chivers 0-0: Ball
1-0: Fly out, F9 (Flyball, 89M, EV 83.1 MPH)
Top of the 7th over - 2 runs, 2 hits, 0 errors, 1 left on base; Oklahoma City 7 - Albuquerque 6
BOTTOM OF THE 7TH
Albuquerque Isotopes batting - Pitching for Oklahoma City Dodgers : RHP Kareem Newport
Pitching: RHP Nick Haines
Now at 1B: Mike Wuebben
Batting: RHB Hugo Sanchez 0-0: SINGLE (Groundball, 6MD, EV 110.0 MPH)
Pinch Hitting: SHB Jorge Carrea 0-0: Ball
1-0: SINGLE (Line Drive, 56D, EV 96.9 MPH)
Hugo Sanchez to second
Batting: RHB Johnny Holton 0-0: Called Strike
0-1: Fly out, F3 (Popup, 3SF, EV 72.5 MPH)
Batting: LHB Roberto Velasco 0-0: Ball
1-0: Foul Ball, location: 2F
1-1: Foul Ball, location: 2F
1-2: Strikes out swinging
Batting: SHB Mike Schirmer 0-0: Ball
1-0: Foul Ball, location: 7LSF
1-1: Ball
2-1: Foul Ball, location: 2F
2-2: Fly out, F8 (Flyball, 8LD, EV 110.6 MPH)
Bottom of the 7th over - 0 runs, 2 hits, 0 errors, 2 left on base; Oklahoma City 7 - Albuquerque 6
TOP OF THE 8TH
Oklahoma City Dodgers batting - Pitching for Albuquerque Isotopes : LHP Chris Alexander
Now at 1B: Jorge Carrea
Now at 2B: Hugo Sanchez
Now at SS: Johnny Holton
Batting: SHB Raul Gonzalez 0-0: Ball
1-0: Foul Ball, location: 9LSF
1-1: Fly out, F6 (Popup, P, EV 77.5 MPH)
Batting: LHB Alex Heaberlin 0-0: Ball
1-0: Foul Ball, location: 2F
1-1: Ball
2-1: Called Strike
2-2: Ball
3-2: Base on Balls
Batting: LHB Keith Tingley 0-0: Ball
1-0: Foul Ball, location: 2F
1-1: Foul Ball, location: 3F
1-2: Ball
2-2: Fly out, F7 (Line Drive, 7, EV 85.0 MPH)
Batting: RHB Mike Wuebben 0-0: Ball
1-0: Called Strike
1-1: Fly out, F8 (Flyball, 8LD, EV 106.9 MPH)
Top of the 8th over - 0 runs, 0 hits, 0 errors, 1 left on base; Oklahoma City 7 - Albuquerque 6
BOTTOM OF THE 8TH
Albuquerque Isotopes batting - Pitching for Oklahoma City Dodgers : RHP Nick Haines
Pitching: RHP Reynaldo Coronado
Pinch Hitting: LHB Ken Calhoun 0-0: Ball
1-0: Ball
2-0: Foul Ball, location: 3F
2-1: Swinging Strike
2-2: Ball
3-2: Base on Balls
Pinch Hitting: LHB Josh Bell 0-0: Ball
1-0: Swinging Strike
1-1: Sac Bunt to 23 - play at first, batter OUT! 3-4
Ken Calhoun to second
Batting: RHB Francisco Salto 0-0: Foul Ball, location: 9LMF
0-1: Ball
1-1: Fly out, F9 (Flyball, 9D, EV 100.0 MPH)
Runner from 2nd tags up, SAFE at 3rd, no throw by RF
Batting: RHB Tony Breitling 0-0: Ball
1-0: Swinging Strike
1-1: Ball
2-1: Foul Ball, location: 2F
2-2: Strikes out swinging passed ball, reaches first!
Ken Calhoun scores
Batting: RHB Hugo Sanchez 0-0: Foul Ball, location: 5FF
0-1: Foul Ball, location: 9LDF
0-2: Ground out 4-3 (Groundball, 34, EV 84.4 MPH)
Bottom of the 8th over - 1 run, 0 hits, 0 errors, 1 left on base; Oklahoma City 7 - Albuquerque 7
TOP OF THE 9TH
Oklahoma City Dodgers batting - Pitching for Albuquerque Isotopes : LHP Chris Alexander
Pitching: RHP Miles Bishop
Now at 3B: Cheh Luo
Now in LF: Ken Calhoun
Now in RF: Francisco Salto
Batting: RHB Noah Sanders 0-0: Ball
1-0: Called Strike
1-1: Ball
2-1: Swinging Strike
2-2: Fly out, F9 (Flyball, 9D, EV 104.4 MPH)
Batting: SHB Montel Ruspoli 0-0: Foul Ball, location: 7LDF
0-1: Fly out, F8 (Flyball, 8RXD, EV 90.6 MPH)
Batting: RHB Matt Rudd 0-0: Ball
1-0: SINGLE (Line Drive, 78M, EV 87.5 MPH)
Batting: RHB Joe Boyer 0-0: Fly out, F7 (Flyball, 7, EV 88.8 MPH)
Top of the 9th over - 0 runs, 1 hit, 0 errors, 1 left on base; Oklahoma City 7 - Albuquerque 7
BOTTOM OF THE 9TH
Albuquerque Isotopes batting - Pitching for Oklahoma City Dodgers : RHP Reynaldo Coronado
Batting: SHB Jorge Carrea 0-0: Called Strike
0-1: Ground out 3-1 (Groundball, 34, EV 72.5 MPH)
Batting: RHB Johnny Holton 0-0: Called Strike
0-1: Foul Ball, location: 2F
0-2: Strikes out swinging
Batting: LHB Roberto Velasco 0-0: Ball
1-0: Fly out, F8 (Flyball, 8RD, EV 96.3 MPH)
Bottom of the 9th over - 0 runs, 0 hits, 0 errors, 0 left on base; Oklahoma City 7 - Albuquerque 7
TOP OF THE 10TH
Oklahoma City Dodgers batting - Pitching for Albuquerque Isotopes : RHP Miles Bishop
Joe Boyer starts the inning at 2nd base.
Batting: RHB Pete Chivers 0-0: Ground out 6-3 (Groundball, 6, EV 104.4 MPH)
Batting: SHB Raul Gonzalez 0-0: Called Strike
0-1: Ground out 4-3 (Groundball, 4S, EV 70.6 MPH)
Joe Boyer to third
Batting: LHB Alex Heaberlin 0-0: Intentional Walk
Batting: LHB Keith Tingley 0-0: Ball
1-0: Ball
2-0: Foul Ball, location: 7LMF
2-1: Foul Ball, location: 2F
2-2: Foul Ball, location: 2F
2-2: Ball
3-2: SINGLE (Flyball, 7LM, EV 99.4 MPH)
Joe Boyer scores
Alex Heaberlin to second
Alex Heaberlin to third
Batting: RHB Mike Wuebben 0-0: Ground out 4-3 (Groundball, 4, EV 84.4 MPH)
Top of the 10th over - 1 run, 1 hit, 0 errors, 2 left on base; Oklahoma City 8 - Albuquerque 7
BOTTOM OF THE 10TH
Albuquerque Isotopes batting - Pitching for Oklahoma City Dodgers : RHP Reynaldo Coronado
Roberto Velasco starts the inning at 2nd base.
Pitching: RHP Josh Salvino
Batting: SHB Mike Schirmer 0-0: Sac Bunt to 5S - play at first, batter OUT! 5-3
Roberto Velasco to third
Batting: LHB Ken Calhoun Squeeze bunt is on, Roberto Velasco is out
0-1: Called Strike
0-2: SINGLE (Groundball, P, EV 92.5 MPH) (infield hit)
Batting: LHB Cheh Luo 0-0: Called Strike
0-1: Swinging Strike
0-2: Ball
1-2: Foul Ball, location: 2F
1-2: Ball
2-2: Ball
3-2: Base on Balls
Ken Calhoun to second
Batting: RHB Francisco Salto 0-0: Called Strike
0-1: Ball
1-1: Foul Ball, location: 5F
1-2: Foul Ball, location: 2LF
1-2: Ball
2-2: Ball
3-2: DOUBLE (Flyball, 89D, EV 100.0 MPH)
Ken Calhoun scores
Cheh Luo to third
Cheh Luo scores
Bottom of the 10th over - 2 runs, 2 hits, 0 errors, 1 left on base; Oklahoma City 8 - Albuquerque 9
Thursday, April 4th , 2024 - OOTP Baseball 24.11 Build 85